 Dungeon Crawl Stone Soup version 0.20-a0-739-g6bb112f (webtiles) character file.

1021 polly the Slasher (level 8, 61/61 HPs)
             Began as a Demonspawn Gladiator on Feb 24, 2017.
             Quit the game on level 4 of the Dungeon.
             The game lasted 00:04:09 (3717 turns).

polly the Slasher (Demonspawn Gladiator)            Turns: 3717, Time: 00:04:10

Health: 61/61      AC: 11    Str: 17    XL:     8   Next: 2%
Magic:  8/8        EV: 10    Int:  9    God:
Gold:   170        SH:  0    Dex: 15    Spells: 7/7 levels left

rFire    . . .     SeeInvis .   a - +0 long sword
rCold    . . .     Gourm    .   i - +0 chain mail
rNeg     . . .     Faith    .   (no shield)
rPois    .         Spirit   .   c - +0 helmet
rElec    .         Reflect  .   (no cloak)
rCorr    .         Harm     .   (no gloves)
MR       +....                  n - +0 pair of boots
Stlth    ..........             (no amulet)
Regen    0.2/turn               (no ring)
MPRegen  0.2/turn               v - ring of protection from magic

@: no status effects
A: talons 1, repulsion field 1, demonic guardian 1
a: no special abilities


You were on level 4 of the Dungeon.
You were not hungry.

You visited 1 branch of the dungeon, and saw 5 of its levels.

You collected 170 gold pieces.

Inventory:

Hand Weapons
 a - a +0 long sword (weapon)
Missiles
 d - 3 throwing nets (quivered)
Armour
 c - a +0 helmet (worn)
 i - a +0 chain mail (worn)
 n - a +0 pair of boots (worn)
Jewellery
 v - a ring of protection from magic (left hand)
Wands
 b - a wand of lightning (4/15)
 w - a wand of paralysis (8/24)
Scrolls
 h - a scroll of amnesia {unknown}
 j - 2 scrolls of teleportation {unknown}
 l - 2 scrolls of immolation {unknown}
 m - a scroll of magic mapping {unknown}
 o - 4 scrolls of identify
 s - a scroll of noise {unknown}
 t - 2 scrolls of blinking
 u - 2 scrolls of fear {unknown}
Potions
 e - a potion of degeneration {unknown}
 p - 2 potions of brilliance {unknown}
 q - a potion of flight {unknown}
 x - a potion of berserk rage {unknown}
 z - a potion of lignification {unknown}
Comestibles
 f - 3 bread rations
 g - 2 royal jellies
 k - 2 meat rations
 r - 2 fruits


   Skills:
 + Level 4.4 Fighting
 + Level 6.7 Long Blades
 + Level 2.0 Throwing
 + Level 3.4 Armour
 + Level 3.5 Dodging


You had 7 spell levels left.
You didn't know any spells.

Dungeon Overview and Level Annotations

Branches:
Dungeon (5/15)
 Temple: D:4-7

Altars:
Dithmenos
Fedhas
Trog
Wu Jian
The Shining One


Innate Abilities, Weirdness & Mutations

You have sharp toenails.
You are surrounded by a mild repulsion field. (EV +2)
A weak demonic guardian rushes to your aid.


Message History

You miss the hound.
The hound is lightly wounded.
The hound bites you but does no damage. The hound bites you.
You hit the hound.
The hound is heavily wounded.
The hound bites you. The hound bites you but does no damage.
You slash the hound!
The hound is almost dead.
The hound bites you but does no damage.
You slash the hound!
You kill the hound!
You have reached level 8!
You feel agile.
Your demonic ancestry asserts itself...
Your toenails lengthen and sharpen.
x - a ruby potion Done exploring.
Done exploring.
Done exploring.
Done exploring.
Are you sure you want to abandon this character and quit the game? (Confirm with "yes".)

####......###...........###
#....<..................#..
#.#.####..........(........
#.#.....>..................
#.##########....#.....###..
#.#....## #.)..#.....# #..
#.#.....# #....#.....# #..
#.##....####....#.....# #..
#.##......@.....#.....# #..
#.###...........#.....# #..
#............####.....# #..
#####........# #.....#####
#........# #..........
#........# ######.....
#........# #.....
#...<....#########.....
#........#.............


There were no monsters in sight!

Vanquished Creatures
  Pikel (D:5)
  A slave (D:5)
  2 ogres (D:4)
  2 hounds (D:4)
  A centaur skeleton (D:4)
  Jessica (D:2)
  Terence (D:2)
  3 worker ants (D:4)
  8 adders
  An adder zombie (D:3)
  4 dart slugs
  2 leopard geckos
  19 orcs
  2 ball pythons
  4 giant cockroaches
  5 goblins
  7 hobgoblins
  4 jackals
  5 kobolds
  3 quokkas
  A ball python skeleton (D:4)
  12 bats
  10 frilled lizards
  6 rats
105 creatures vanquished.

Vanquished Creatures (collateral kills)
  An orc wizard (D:4)
  An adder (D:4)
  A dart slug (D:4)
3 creatures vanquished.

Vanquished Creatures (others)
  An orc (D:4)
1 creature vanquished.

Grand Total: 109 creatures vanquished

Notes
Turn   | Place    | Note
-------+----------+-------------------------------------------
     0 | D:1      | polly the Demonspawn Gladiator began the quest for the Orb.
     0 | D:1      | Reached XP level 1. HP: 16/16 MP: 1/1
   256 | D:1      | Gained mutation: You are surrounded by a mild repulsion field. (EV +2) [demonic ancestry]
   256 | D:1      | Reached XP level 2. HP: 20/22 MP: 2/2
   351 | D:1      | Reached skill level 3 in Long Blades
   881 | D:2      | Noticed Terence
   887 | D:2      | Killed Terence
   887 | D:2      | Reached XP level 3. HP: 28/28 MP: 3/3
  1151 | D:2      | Reached XP level 4. HP: 32/34 MP: 4/4
  1344 | D:2      | Noticed Jessica
  1355 | D:2      | Killed Jessica
  1355 | D:2      | Reached skill level 4 in Long Blades
  1355 | D:2      | Reached skill level 1 in Armour
  1754 | D:2      | Reached XP level 5. HP: 39/40 MP: 5/5
  2306 | D:3      | Found a shadowy altar of Dithmenos.
  2356 | D:3      | Found a blossoming altar of Fedhas.
  2401 | D:3      | Found an ornate altar of the Wu Jian Council.
  2703 | D:3      | Found a glowing golden altar of the Shining One.
  2891 | D:4      | Noticed Pikel
  2891 | D:4      | Noticed a slave
  2891 | D:4      | Noticed a slave
  2891 | D:4      | Noticed a slave
  2893 | D:4      | Noticed a slave
  2904 | D:5      | Entered Level 5 of the Dungeon
  2919 | D:5      | Killed a slave
  3172 | D:5      | Killed Pikel
  3172 | D:5      | Reached skill level 6 in Long Blades
  3172 | D:5      | Reached XP level 6. HP: 26/48 MP: 6/6
  3172 | D:5      | Gained mutation: A weak demonic guardian rushes to your aid. [demonic ancestry]
  3172 | D:5      | Reached XP level 7. HP: 29/53 MP: 7/7
  3303 | D:4      | Found a bloodstained altar of Trog.
  3676 | D:4      | Gained mutation: You have sharp toenails. [demonic ancestry]
  3676 | D:4      | Reached XP level 8. HP: 57/61 MP: 8/8
  3717 | D:4      | Quit the game

Vault maps used:
D:1:      lightli_arrival_quake
D:2:      minivault_11, uniq_terence, uniq_jessica
D:3:      lemuel_doored_altar, fedhas_altar_3, tso_oasis_becter,
          grunt_dithmenos_smoke_and_mirrors, grunt_ministairs_3,
          minmay_misc_feat_secret_circle, st_stairs_8
D:4:      marbit_many_paths, first_bread, uniq_pikel
D:5:      lemuel_round_altar, temple_doors_e, basic_altar

Skill      XL: |  1  2  3  4  5  6  7 |
---------------+----------------------+-----
Throwing       | 2 |  2.0
Long Blades    | 3 4 6 |  6.7
Dodging        | 3 |  3.5
Armour         | 1 2 3 |  3.4
Fighting       | 3 4 |  4.4

Action                   |  1- 3 |  4- 6 |  7- 9 || total
-------------------------+-------+-------+-------++-------
Melee: Long sword        |    81 |   248 |    75 ||   404
  Use: Potion            |       |     3 |       ||     3
       Scroll            |       |     2 |       ||     2
 Stab: Distracted        |       |       |     1 ||     1
  Eat: Chunk             |       |     8 |     2 ||    10
Armor: Leather armour    |    32 |       |       ||    32
       Chain mail        |    22 |   166 |    46 ||   234
Dodge: Dodged            |    91 |   171 |    38 ||   300
       Rpst.: Long sword |    28 |    60 |    16 ||   104
